cohdb
Replays
Latest Replays
All Replays
Popular Replays
Top Player Replays
Match Explorer
How It Works
Community
CoH3 Stats
Reddit
Sign in to upload your games and track your stats! →
Sign in with Steam
Match 42261284
Unlisted
Match 42261284
Overview
Messages
Build Orders
End
Selects Special Operations Battlegroup
Selects M29 Weasel Recon Vehicle
M29 Weasel Recon Vehicle
Construct Barracks
Riflemen Squad
Riflemen Squad
Riflemen Squad
M1 Mortar Team
Mechanized Support Center
Construct Motor Pool
M1918 Browning Automatic Rifles
M3 75 mm Gun Motor Carriage
M3 75 mm Gun Motor Carriage
Selects P-47 Anti-Infantry Loiter
Designate Forward Repair Station
Grenade Package
Selects Raiding Flares
Riflemen Squad
Selects SSF Commando Squad
SSF Commando Squad
Construct Medical Station
SSF Commando Squad
Construct Tank Depot
P-47 Anti-Infantry Loiter
Guru
Karl Müller
Animal Mother
Rhys
0
0
Comments
sign in to comment!
No comments posted yet!